 Dungeon Crawl Stone Soup version 0.17-a0-1798-g879a7aa (webtiles) character file.

1111 4thArraOfDagon the Cleaver (level 8, -2/69 HPs)
             Began as a Deep Dwarf Berserker on Sept 10, 2015.
             Was a Follower of Trog.
             Succumbed to an orc wizard's poison
             ... on level 5 of the Dungeon.
             The game lasted 00:05:26 (910 turns).

4thArraOfDagon the Cleaver (Deep Dwarf Berserker)    Turns: 910, Time: 00:05:27

Health: -2/69      AC:  9    Str: 24    XL:     8   Next: 11%
Magic:  8/8        EV: 16    Int:  7    God:    Trog [*.....]
Gold:   89         SH:  0    Dex: 17    Spells: 0 memorised, 7 levels left

rFire  . . .     SeeInvis .     m - +0 war axe
rCold  . . .     Clarity  .     a - +0 scale mail
rNeg   . . .     SustAt   .     (no shield)
rPois  .         Gourm    .     (no helmet)
rElec  .         Spirit   .     (no cloak)
rCorr  .         Warding  .     (no gloves)
rMut   .         Stasis   .     j - +0 pair of boots
MR     +++..                    n - amulet of inaccuracy (curse)
Stlth  ..........               (no ring)
                                e - ring of loudness (curse)

@: agile, lethally poisoned (-2 -> -28), non-regenerating, extremely resistant
to hostile enchantments, extremely unstealthy
A: damage resistance, recharge devices, sense surroundings 1, slow healing 3
a: Device Recharging, Burn Spellbooks, Berserk, Renounce Religion


You were on level 5 of the Dungeon.
You worshipped Trog.
Trog was aware of your devotion.
You were hungry.

You visited 1 branch of the dungeon, and saw 7 of its levels.
You also visited: Ossuary.

You collected 89 gold pieces.

Inventory:

Hand weapons
 m - a +0 war axe (weapon)
 p - a +0 blowgun
Armour
 a - a +0 scale mail (worn)
 j - a +0 pair of boots (worn)
Jewellery
 e - a cursed ring of loudness (left hand)
 n - a cursed amulet of inaccuracy (around neck)
Magical devices
 c - a wand of heal wounds (2)
Scrolls
 g - a scroll of identify
 i - a scroll of blinking
 q - a scroll of immolation
 r - a scroll of holy word
 s - a scroll of teleportation
Potions
 b - 2 potions of haste
 o - 4 potions of heal wounds
Comestibles
 d - 2 bread rations
 f - 5 chunks of flesh
 h - a slice of pizza
 k - a meat ration


   Skills:
 - Level 3.1 Fighting
 * Level 9.0 Axes
 + Level 6.3 Armour
 - Level 2.1 Dodging


You had 7 spell levels left.
You didn't know any spells.

Dungeon Overview and Level Annotations

Branches:
Dungeon (7/15)             Temple (0/1) D:7

Altars:
Fedhas
Gozag
Trog


Innate Abilities, Weirdness & Mutations

You are resistant to damage.
You can recharge devices by infusing magical energy.
You passively map a small area around you.
You do not heal naturally.


Message History

You feel slightly more hungry.
You can no longer call upon Trog for regeneration and protection from hostile enchantments.
* * * LOW HITPOINT WARNING * * *
You feel very sick.
The orc wizard gestures at you while chanting.
The magic dart hits you!
* * * LOW HITPOINT WARNING * * *
You closely miss the orc wizard.
The orc wizard is almost dead.
* * * LOW HITPOINT WARNING * * *
You feel very sick.
The orc wizard hits you but does no damage.
You are more poisoned.
The orc wizard hits you but does no damage.
You are more poisoned.
Enter note: fker Drink which item? (? for menu, Esc to quit)
It was a potion of agility.
You feel agile all of a sudden.
You die...

(.. *#.#, ,,... *
#.# * ,* #.# ** #.#
#.# ########.#
#.....@o.#
####.######.#
,......)>)...# *
####.######.......,
,, ...##### ...># ,
, #...## * * ##.##
.# #.# #.# * *


You could see an orc wizard.

Vanquished Creatures
  An unseen horror (D:7)
  An ice beast (D:5)
  An ogre (D:5)
  A scorpion (D:7)
  2 crimson imps
  A hound (D:4)
  An orc priest (D:5)
  A centaur skeleton (D:7)
  An orc wizard (D:5)
  An iguana (D:4)
  A worker ant (D:4)
  A hound skeleton (D:4)
  5 mummies (Ossuary)
  5 adders
  4 orcs
  A ball python (D:4)
  A bat (D:3)
  5 goblins
  A hobgoblin (D:1)
  4 quokkas
  2 giant newts (D:5)
  A quokka skeleton (D:4)
  A rat (D:1)
43 creatures vanquished.

Notes
Turn   | Place    | Note
--------------------------------------------------------------
     0 | D:1      | 4thArraOfDagon the Deep Dwarf Berserker began the quest for the Orb.
     0 | D:1      | Reached XP level 1. HP: 20/20 MP: 1/1
    84 | D:2      | Found a bloodstained altar of Trog.
    97 | D:2      | Reached XP level 2. HP: 28/28 MP: 2/2
   199 | D:3      | Reached XP level 3. HP: 31/34 MP: 3/3
   254 | D:4      | Found an opulent altar of Gozag.
   332 | D:4      | Found a blossoming altar of Fedhas.
   367 | D:4      | Reached skill level 4 in Axes
   368 | D:4      | Reached XP level 4. HP: 42/42 MP: 4/4
   420 | D:4      | Reached skill level 5 in Axes
   421 | D:4      | Reached XP level 5. HP: 35/49 MP: 5/5
   425 | D:4      | Acquired Trog's second power
   438 | D:4      | Found a sand-covered staircase.
   454 | Ossuary  | Entered an ossuary
   587 | D:5      | Entered Level 5 of the Dungeon
   617 | D:5      | Noticed an ice beast
   622 | D:5      | Reached skill level 6 in Axes
   622 | D:5      | Reached XP level 6. HP: 52/56 MP: 6/6
   624 | D:5      | Killed an ice beast
   699 | D:5      | Noticed an ogre
   708 | D:5      | Killed an ogre
   708 | D:5      | Reached skill level 7 in Axes
   741 | D:5      | You fall through a shaft!
   788 | D:7      | Reached skill level 5 in Armour
   789 | D:7      | Reached XP level 7. HP: 18/62 MP: 7/7
   805 | D:7      | Killed an unseen horror
   805 | D:7      | Reached skill level 8 in Axes
   805 | D:7      | Reached XP level 8. HP: 17/69 MP: 8/8
   841 | D:7      | Found a staircase to the Ecumenical Temple.
   869 | D:5      | Reached skill level 9 in Axes
   909 | D:5      | HP: 1/69 [poisoned by an orc wizard]
   910 | D:5      | fker
   910 | D:5      | Succumbed to an orc wizard's poison

Vault maps used:
D:1:      scummos_arrival_hexagon, grunt_decor_mini_mirrors,
          minmay_misc_feat_alley, minmay_misc_feat_hallway, st_stairs_1
D:2:      lemuel_doored_altar, roderic_bali_sauvastika
D:3:      minmay_misc_feat_x, minmay_misc_feat_diagonals
D:4:      lemuel_round_altar, lightli_ossuary_entry_decrepit_ruins,
          fedhas_altar_3
D:5:      gammafunk_temple_overflow_pools, first_bread
D:6:      kennysheep_housing_project, nicolae_ru_path_of_blood, serial_bayou,
          serial_bayou_crossing, serial_bayou_pond_a, serial_bayou_lake_a,
          serial_bayou_pond_e, serial_bayou_pond_e
D:7:      lemuel_slime, minmay_temple_entry_large_hall
Ossuary:  ossuary_the_hunt_dpeg

Action                   |  1- 3 |  4- 6 |  7- 9 || total
-------------------------+-------+-------+-------++-------
Melee: Hand axe          |    21 |       |       ||    21
       War axe           |    12 |    67 |    42 ||   121
Invok: Berserk           |     2 |     4 |     1 ||     7
       Trog's Hand       |       |     1 |     3 ||     4
Evoke: Wand              |       |     2 |     1 ||     3
  Use: Potion            |       |     5 |     1 ||     6
       Scroll            |       |     5 |       ||     5
  Eat: Chunk             |       |     5 |     1 ||     6
       Beef jerky        |       |     1 |       ||     1
